 Dungeon Crawl Stone Soup version 0.17-a0-1920-gafa4d75 (webtiles) character file.

1013 Gargoyl the Ducker (level 8, -32/61 HPs)
             Began as a Demonspawn Abyssal Knight on Sept 27, 2015.
             Was an Elder of Lugonu.
             Annihilated by a hill giant
             ... wielding a +0 giant club
              (35 damage)
             ... on level 5 of the Dungeon.
             The game lasted 00:17:28 (8194 turns).

Gargoyl the Ducker (Demonspawn Abyssal Knight)      Turns: 8194, Time: 00:17:28

Health: -32/61     AC: 15    Str: 21    XL:     8   Next: 1%
Magic:  0/10       EV: 11    Int: 16    God:    Lugonu [****..]
Gold:   102        SH:  0    Dex: 12    Spells: 0 memorised, 7 levels left

rFire  . . .     SeeInvis .     E - +0 war axe
rCold  . . .     Clarity  +     y - +0 chain mail
rNeg   . . .     SustAt   .     (no shield)
rPois  +         Gourm    .     a - +1 helmet {Int+3}
rElec  .         Spirit   +     n - +2 cloak
rCorr  .         Warding  .     F - +0 pair of gloves
rMut   .         Stasis   .     (no boots)
MR     .....                    q - amulet of clarity
Stlth  ..........               u - ring of stealth
                                s - ring of poison resistance

@: mighty, not resistant to hostile enchantments, extremely unstealthy
A: repulsion field 1, powered by pain 1, magic shield
a: Depart the Abyss, Bend Space, Banish, Corrupt, Renounce Religion


You were on level 5 of the Dungeon.
You worshipped Lugonu.
Lugonu was greatly pleased with you.
You were not hungry.

You visited 1 branch of the dungeon, and saw 5 of its levels.
You visited the Abyss 1 time.

You collected 362 gold pieces.
You spent 260 gold pieces at shops.

Inventory:

Hand weapons
 o - a +2 mace of holy wrath
 w - a +0 flail
 E - a +0 war axe (weapon)
Missiles
 b - 2 tomahawks (quivered)
Armour
 a - a +1 helmet of intelligence (worn)
 n - a +2 cloak (worn)
 y - a +0 chain mail (worn)
 F - a +0 pair of gloves (worn)
Jewellery
 q - an amulet of clarity (around neck)
 s - a ring of poison resistance (left hand)
 u - a ring of stealth (right hand)
 I - an uncursed ring of sustain attributes {unknown}
Magical devices
 p - a wand of frost (11)
 J - a wand of polymorph (16)
Scrolls
 c - 2 scrolls of noise {unknown}
 d - a scroll of acquirement {unknown}
 e - 6 scrolls of identify
 g - 3 scrolls of magic mapping {unknown}
 h - a scroll of enchant armour {unknown}
 k - 3 scrolls of teleportation {unknown}
 l - a scroll of blinking {unknown}
 m - 4 scrolls of remove curse {unknown}
 t - a scroll of random uselessness {unknown}
 x - a scroll of fear {unknown}
 G - 2 scrolls of recharging {unknown}
Potions
 i - a potion of flight
 j - a potion of mutation {unknown}
 r - a potion of lignification {unknown}
 v - a potion of degeneration {unknown}
 A - a potion of poison
 B - a potion of brilliance {unknown}
Comestibles
 f - 5 meat rations
 z - 2 bread rations
 C - 4 fruits
 H - a beef jerky


   Skills:
 + Level 4.7 Fighting
 + Level 4.4 Axes
 + Level 3.9 Armour
 + Level 5.0 Dodging
 + Level 1.4 Stealth
 + Level 2.7 Invocations
 + Level 0.6 Evocations


You had 7 spell levels left.
You didn't know any spells.

Dungeon Overview and Level Annotations

Branches:
Dungeon (5/15)
 Temple: D:4-7

Altars:
Ashenzari
Elyvilon
Fedhas
Kikubaaqudgha
Nemelex Xobeh
Yredelemnul

Shops:
D:4 %   D:5 (*([*


Innate Abilities, Weirdness & Mutations

You are surrounded by a mild repulsion field (EV +2).
You sometimes gain a little power by taking damage.
When hurt, damage is shared between your health and your magic reserves.


Message History

The hill giant hits you with a giant club!!
* * * LOW HITPOINT WARNING * * *
You completely miss the hill giant.
The hill giant is lightly wounded.
You hit the hellwing.
The hellwing is lightly wounded.
You slash the kobold demonologist!
The kobold demonologist is severely wounded.
You closely miss the iron imp.
The iron imp is heavily wounded.
You closely miss the crimson imp.
The kobold demonologist casts a spell.
The crimson imp closely misses you. The hellwing completely misses you.
The hellwing closely misses you. The iron imp closely misses you.
The white imp grins evilly.
The kobold demonologist hits you but does no damage.
The crimson imp barely misses you.
The hill giant hits you with a giant club!!!
Ouch! That really hurt!
You die...

.........# ##.#
#.######.# #.# #.# #.#
#.# #.# #.# #.# #.#
#.# ### #.# #.#
▓▓▓▓▓▓▓ #.# #.#
▓⌠5..⌠▓ [.# #.#
▓55...▓ ###
####.######▓@C5.©▓
#####.........#▓K4...▓
#.....#.......#▓54..⌠▓
#.###....###..#▓▓▓▓▓▓▓
#.# ##...#∩'..#...(.§#
#.# #...###..'...._.#
#.# #.....).##.....§#
#.# #.#.....##▓▓▓▓▓▓▓
..# #.......# ▓⌠...⌠▓


You could see a hill giant, 2 hellwings, a kobold demonologist, an iron imp, a
crimson imp, a white imp, a shadow imp and an ufetubus.

Vanquished Creatures
  Grinder (D:3)
  Sigmund (D:4)
  An ice beast (D:4)
  2 ogres
  A scorpion (D:5)
  3 orc wizards
  An orc priest (D:4)
  Natasha (twice) (D:3)
  3 worker ants
  A hound zombie (D:5)
  A hound skeleton (D:4)
  Robin (D:3)
  8 gnolls
  6 adders
  An ooze (D:1)
  2 adder skeletons (D:4)
  An adder zombie (D:5)
  3 worms (D:2)
  4 giant geckos
  15 orcs
  6 bats
  3 giant cockroaches
  10 hobgoblins
  A quokka (D:2)
  3 giant newts
  16 goblins
  12 jackals
  12 kobolds
  9 rats
130 creatures vanquished.

Vanquished Creatures (others)
  A human (D:3)
  Ijyb (D:3)
  3 adders (D:3)
  A worm (D:3)
  2 jackals (D:3)
  A bat (D:3)
  A giant gecko (D:3)
  A rat (D:3)
11 creatures vanquished.

Grand Total: 141 creatures vanquished

Notes
Turn   | Place    | Note
--------------------------------------------------------------
     0 | Abyss:1  | Gargoyl the Demonspawn Abyssal Knight began the quest for the Orb.
     0 | Abyss:1  | Reached XP level 1. HP: 18/18 MP: 2/2
    59 | Abyss:1  | Noticed a large abomination
    62 | Abyss:1  | Found a corrupted altar of Lugonu.
   270 | Abyss:2  | Noticed a hellwing
   291 | Abyss:2  | Noticed a sixfirhy
   292 | Abyss:2  | Noticed a blue devil
   293 | Abyss:2  | Noticed a spatial vortex
   293 | D:1      | Escaped the Abyss
   838 | D:1      | Acquired Lugonu's first power
  1233 | D:1      | Reached skill level 1 in Dodging
  1233 | D:1      | Gained mutation: When hurt, damage is shared between your health and your magic reserves. [demonic ancestry]
  1233 | D:1      | Reached XP level 2. HP: 24/24 MP: 3/3
  2162 | D:2      | Reached XP level 3. HP: 27/29 MP: 5/5
  2620 | D:2      | Acquired Lugonu's second power
  3174 | D:2      | Reached XP level 4. HP: 21/36 MP: 3/6
  3955 | D:3      | Noticed Robin
  3969 | D:3      | Killed Robin
  3969 | D:3      | Reached XP level 5. HP: 30/42 MP: 5/7
  4071 | D:3      | Noticed a human
  4072 | D:3      | Found a runed door.
  4074 | D:3      | Found a basalt altar of Yredelemnul.
  4120 | D:3      | Reached skill level 4 in Fighting
  4390 | D:3      | Killed Ijyb
  4394 | D:3      | Acquired Lugonu's third power
  4652 | D:3      | Noticed Natasha
  4660 | D:3      | Noticed Grinder
  4666 | D:3      | Killed Natasha
  4679 | D:3      | Paralysed by Grinder for 5 turns
  4685 | D:3      | HP: 2/42 [Grinder (4)]
  4694 | D:3      | Paralysed by Grinder for 2 turns
  4705 | D:3      | Paralysed by Grinder for 7 turns
  5076 | D:3      | Killed a human
  5091 | D:3      | Paralysed by Grinder for 3 turns
  5098 | D:3      | Killed Grinder
  5098 | D:3      | Reached XP level 6. HP: 32/48 MP: 5/8
  5393 | D:3      | Noticed Natasha
  5404 | D:3      | Killed Natasha
  5691 | D:4      | Noticed Sigmund
  5718 | D:4      | Killed Sigmund
  6013 | D:4      | Gained mutation: You sometimes gain a little power by taking damage. [demonic ancestry]
  6013 | D:4      | Reached XP level 7. HP: 23/55 MP: 3/9
  6221 | D:4      | Reached skill level 1 in Stealth
  6266 | D:4      | Found a white marble altar of Elyvilon.
  6436 | D:4      | Found Togafyel's Food Shop.
  6436 | D:4      | Found a blossoming altar of Fedhas.
  6441 | D:4      | Found an ancient bone altar of Kikubaaqudgha.
  7402 | D:5      | Entered Level 5 of the Dungeon
  7410 | D:5      | Found Paat Ahe's General Store.
  7452 | D:5      | Found Ajufof's Antique Armour Shop.
  7458 | D:5      | Bought a glowing helmet for 130 gold pieces
  7458 | D:5      | Bought a pair of gloves for 130 gold pieces
  7611 | D:5      | Found Yhoac's General Store.
  7648 | D:5      | Found Gothren's Antique Weapon Shop.
  7711 | D:5      | Found Neschitie's Weapon Shoppe.
  7749 | D:5      | Reached skill level 5 in Dodging
  7749 | D:5      | Acquired Lugonu's fourth power
  7989 | D:5      | Found a shattered altar of Ashenzari.
  8000 | D:5      | Gained mutation: You are surrounded by a mild repulsion field (EV +2). [demonic ancestry]
  8000 | D:5      | Reached XP level 8. HP: 58/61 MP: 10/10
  8177 | D:5      | Found a sparkling altar of Nemelex Xobeh.
  8177 | D:5      | Noticed a kobold demonologist
  8178 | D:5      | Noticed a hill giant
  8192 | D:5      | Noticed a hellwing
  8193 | D:5      | HP: 3/61 [hill giant/giant club (15)]
  8194 | D:5      | Annihilated by a hill giant

Vault maps used:
D:1:      minmay_arrival_doors
D:3:      first_bread, supply_closet_lemuel, dk_yredelemnul_ordeal,
          uniq_natasha, uniq_iyjb, uniq_grinder, uniq_robin
D:4:      grunt_temple_overflow_growth_and_decay, serial_shops, shop,
          grunt_ministairs_3, elyvilon_altar_5, uniq_sigmund
D:5:      kennysheep_mini, serial_shops, kennysheep_mini_moat, shop,
          nicolae_shop_trees, shop, shop, grunt_nemelex_the_gamble
Abyss:2:  evilmike_abyss_exit_plants

Action                   |  1- 3 |  4- 6 |  7- 9 || total
-------------------------+-------+-------+-------++-------
Melee: Hand axe          |   157 |   252 |    61 ||   470
       War axe           |       |       |    71 ||    71
Throw: Tomahawk          |       |       |     2 ||     2
Invok: Depart the Abyss  |     1 |       |       ||     1
Evoke: Wand              |       |     4 |       ||     4
  Use: Potion            |       |     6 |     2 ||     8
       Scroll            |       |     1 |       ||     1
 Stab: Sleeping          |       |     1 |       ||     1
  Eat: Bread ration      |     1 |     1 |     1 ||     3
       Chunk             |     3 |     5 |       ||     8
       Fruit             |       |     4 |       ||     4
